 Dungeon Crawl Stone Soup version 0.28-a0-706-gf6f64a616a (webtiles) character file.

Game seed: 16562639528896892429

19 frimble the Firebug (level 2, -2/15 (19) HPs)
             Began as a Demonspawn Fire Elementalist on Oct 24, 2021.
             Slain by a kobold (3 damage)
             ... on level 2 of the Dungeon.
             The game lasted 00:01:10 (1525 turns).

frimble the Firebug (Demonspawn Fire Elementalist)  Turns: 1525, Time: 00:01:11

HP:   -2/15 (19)    AC:  2    Str:  8    XL:     2   Next: 55%
MP:   1/5           EV: 12    Int: 16    God:
Gold: 32            SH:  0    Dex: 13    Spells: 4/5 levels left

rFire   . . .      SeeInvis .   (no weapon)
rCold   . . .      Faith    .   (no shield)
rNeg    . . .      Spirit   .   a - +0 robe
rPois   .          Reflect  .   (no helmet)
rElec   .          Harm     .   (no cloak)
rCorr   .          Rampage  .   (no gloves)
Will    .....                   (no boots)
Stlth   ++........              (no amulet)
HPRegen 0.05/turn               (no ring)
MPRegen 0.09/turn               (no ring)

@: heavily drained
A: demonic touch 1
a: no special abilities


You were on level 2 of the Dungeon.
You visited 1 branch of the dungeon, and saw 2 of its levels.

You collected 32 gold pieces.

Inventory:

Armour
 a - a +0 robe (worn)


   Skills:
 - Level 1.8 Dodging
 - Level 1.8 Stealth
 - Level 2.0 Spellcasting
 + Level 1.9 Conjurations
 + Level 3.1 Fire Magic


You had 4 spell levels left.
You knew the following spells:

 Your Spells              Type           Power      Damage    Failure   Level
a - Foxfire               Conj/Fire      36%        2x1d5     8%          1

Your spell library contained the following spells:

 Spells                   Type           Power      Damage    Failure   Level
 Scorch                   Fire           22%        2d6       9%          2
 Conjure Flame            Conj/Fire      9%         6-21      22%         3
 Inner Flame              Hex/Fire       6%         N/A       32%         3
 Flame Wave               Conj/Fire      9%         3d4       58%         4


Dungeon Overview and Level Annotations

Branches:
Dungeon (2/15)

Altars:


Innate Abilities, Weirdness & Mutations

Your touch may inflict minor irresistible damage on your foes.


Message History

Casting: Foxfire (safe; 8% risk of failure)
Confirm with . or Enter, or press ? or * to list all spells.
You don't have enough magic to cast this spell.
You aren't carrying any items that you can evoke.
Okay, then.
Unknown command.
Your magical contamination has completely faded away.
A kobold comes into view. It is wielding a +1 dagger of draining.
The kobold shouts!
You barely miss the kobold. The kobold misses you.
Casting: Foxfire (safe; 8% risk of failure)
Confirm with . or Enter, or press ? or * to list all spells.
You conjure some foxfire!
The kobold hits you with a +1 dagger of draining.
You feel drained.
The foxfire hits the iguana but does no damage.
The iguana is heavily wounded.
You closely miss the kobold. Your touch misses the kobold.
The foxfire hits the iguana.
The iguana is severely wounded.
The kobold misses you.
You closely miss the kobold.
The kobold hits you with a +1 dagger of draining.
You feel drained. The iguana misses you.
You hit the kobold but do no damage. The kobold closely misses you.
The iguana misses you.
It was a potion of cancellation.
You feel magically purged. The kobold barely misses you. The iguana bites you!
Ouch! That really hurt!
* * * LOW HITPOINT WARNING * * *
You hit the kobold.
The kobold is moderately wounded.
The kobold hits you with a +1 dagger of draining.
* * * LOW HITPOINT WARNING * * *
You feel drained. The iguana closely misses you.
You aren't carrying any items that you can evoke.
As you read the scroll labelled YREFET YLIFADI, it crumbles to dust.
The scroll dissolves into smoke.
It was a scroll of fog.
The kobold hits you with a +1 dagger of draining.
You die...

.........#
........<.#..
..........##.#
.........# ..
#####.####.## #.
...........####.###
...............§§§
...........#####K##
...........# #@§#
...........# ##l#
#....[.....# #§#
.......$...######.##
..............l....#
#.....###########..#
...... #...# ......
#.#.# ..... #.#.#


You could see an iguana and a kobold.

Vanquished Creatures
  A dart slug (D:1)
  An endoplasm (D:2)
  A giant cockroach (D:1)
  3 hobgoblins
  2 jackals (D:1)
  A quokka (D:1)
  3 ball pythons (D:1)
  2 bats (D:1)
  A kobold (D:1)
  A rat (D:1)
16 creatures vanquished.

Vanquished Creatures (others)
  71 foxfires
71 creatures vanquished.

Grand Total: 87 creatures vanquished

Notes
Turn   | Place    | Note
-------+----------+-------------------------------------------
     0 | D:1      | frimble the Demonspawn Fire Elementalist began the quest
                  | for the Orb.
     0 | D:1      | Reached XP level 1. HP: 13/13 MP: 3/3
     6 | D:1      | Noticed a hound
     6 | D:1      | Noticed a killer bee
     6 | D:1      | Noticed a black mamba
     7 | D:1      | Noticed a lindwurm
     7 | D:1      | Noticed a black bear
   575 | D:1      | Reached skill level 3 in Fire Magic
   575 | D:1      | Gained mutation: Your touch may inflict minor irresistible
                  | damage on your foes. [demonic ancestry]
   575 | D:1      | Reached XP level 2. HP: 19/19 MP: 0/5
  1525 | D:2      | Slain by a kobold

Illustrated notes

Levels and vault maps discovered:
D:1:      onia_arrival_zoo_common, layout_basic, minivault_4,
          hangedman_abyss_or_decor_lesser_grid
D:2:      layout_basic, serial_shops, shop, shop, nicolae_shop_behind_doors,
          shop, shop, dreamdust_ecumenical_altar_grove, minmay_misc_feat_x

Skill      XL: |  1 |
---------------+----+-----
Fire Magic     | 3 |  3.1
Dodging        | |  1.8
Stealth        | |  1.8
Spellcasting   | |  2.0
Conjurations   | |  1.9

Action                   || total
-------------------------++-------
Melee: Unarmed           ||    49
       Touch             ||     3
 Cast: Foxfire           ||    41
  Use: Scroll            ||     1
       Potion            ||     1
 Stab: Sleeping          ||     1
Armor: Robe              ||    18
Dodge: Dodged            ||    51

Table legend: (Time is in decaauts)
 A = Elapsed time spent in this place.
 B = Non-inter-level travel time spent in this place.
 C = Inter-level travel time spent in this place.
 D = Time resting spent in this place.
 E = Time spent auto-exploring this place.
 F = Levels seen in this place.
 G = Mean time per level.
                   A        B        C        D        E       F      G
               +--------+--------+--------+--------+--------+-----+--------+
         Total |   1527 |   1507 |     20 |      0 |   1334 |   2 |  763.5 |
       Dungeon |   1527 |   1507 |     20 |      0 |   1334 |   2 |  763.5 |
               +--------+--------+--------+--------+--------+-----+--------+

Top non-repeatable levels by time:
     D:1: 1422 daAuts
     D:2: 104 daAuts
